 Dungeon Crawl Stone Soup version 0.28.0-43-g3370ac3207 (webtiles) character file.

Game seed: 7618078038450740808

14 firemarshallily the Sneak (level 2, -1/22 HPs)
             Began as a Naga Fire Elementalist on Mar 30, 2022.
             Slain by a jackal (3 damage)
             ... on level 1 of the Dungeon.
             The game lasted 00:02:58 (163 turns).

firemarshallily the Sneak (Naga Fire Elementalist)   Turns: 163, Time: 00:02:58

Health: -1/22      AC:  1    Str: 10    XL:     2   Next: 45%
Magic:  0/5        EV: 10    Int: 15    God:
Gold:   18         SH:  0    Dex: 11    Spells: 4/5 levels left

rFire   . . .      SeeInvis +   (no weapon)
rCold   . . .      Faith    .   (no shield)
rNeg    . . .      Spirit   .   a - +0 robe
rPois   +          Reflect  .   (no helmet)
rElec   .          Harm     .   (no cloak)
rCorr   .          Rampage  .   (no gloves)
Will    .....                   (no barding)
Stlth   ++........              (no amulet)
HPRegen 0.07/turn               (no ring)
MPRegen 0.09/turn               (no ring)

@: very slow
A: AC +0, large, see invisible, deformed body, poison resistance, slowness 2,
spit poison 1, naga tail 1
a: Spit Poison


You were on level 1 of the Dungeon.
You visited 1 branch of the dungeon, and saw 1 of its levels.

You collected 18 gold pieces.

Inventory:

Armour
 a - a +0 robe (worn)


   Skills:
 + Level 2.0 Dodging
 + Level 3.3 Stealth
 + Level 2.1 Spellcasting
 + Level 1.0 Conjurations
 + Level 3.1 Fire Magic


You had 4 spell levels left.
You knew the following spells:

 Your Spells              Type           Power      Damage    Failure   Level
a - Foxfire               Conj/Fire      28%        2x1d5     10%         1

Your spell library contained the following spells:

 Spells                   Type           Power      Damage    Failure   Level
 Scorch                   Fire           22%        2d6       9%          2
 Conjure Flame            Conj/Fire      7%         6-21      28%         3
 Inner Flame              Hex/Fire       6%         N/A       34%         3
 Flame Wave               Conj/Fire      7%         2d5       67%         4


Dungeon Overview and Level Annotations

Branches:
Dungeon (1/15)

Altars:


Innate Abilities, Weirdness & Mutations

Your serpentine skin is tough. (AC +0)
You have supernaturally acute eyesight. (SInv)
Armour fits poorly on your strangely shaped body.
Your system is resistant to poisons. (rPois)
You cover ground very slowly.
You can spit poison.
You have a snake-like lower body.


Message History

You have got your breath back.
The jackal closely misses you. The hobgoblin barely misses you.
The giant cockroach bites you but does no damage.
Okay, then.
You don't have enough magic to cast this spell.
As you read the scroll labelled TOWAILUAWE, it crumbles to dust.
It is a scroll of amnesia.
Okay, then.
The jackal bites you. The giant cockroach bites you. The hobgoblin hits you.
The jackal misses you. The giant cockroach barely misses you.
The hobgoblin closely misses you. The jackal closely misses you.
The jackal bites you. The giant cockroach closely misses you.
The giant cockroach closely misses you.
Casting: Foxfire (safe; 10% risk of failure)
Press: ? - help, Q - select action, (/) - cycle Dir - look around, f - activate You conjure some foxfire!
The giant cockroach closely misses you. The hobgoblin hits you.
* * * LOW HITPOINT WARNING * * *
The foxfire hits the hobgoblin.
The hobgoblin is severely wounded.
The foxfire hits the hobgoblin but does no damage.
The hobgoblin is severely wounded.
The giant cockroach bites you but does no damage.
The hobgoblin misses you. The giant cockroach bites you.
* * * LOW HITPOINT WARNING * * *
The giant cockroach bites you.
* * * LOW HITPOINT WARNING * * *
The giant cockroach bites you but does no damage.
The jackal closely misses you. The giant cockroach closely misses you.
The jackal bites you.
* * * LOW HITPOINT WARNING * * *
The jackal bites you but does no damage.
Casting: Foxfire (safe; 10% risk of failure)
Press: ? - help, Q - select action, (/) - cycle Dir - look around, f - activate You conjure some foxfire!
The jackal bites you.
You die...

.........#.......#
#........#.......#...
...........###.##...# #
.####......# #.##...##.#
..###......###..#......#
................#......#
...............B#......#
......###......h.v..##.
..............g#@#+##
.###...........#v..# .
#...........##..#
............# ..#
...............>#
.............#...
...###....#.... .....


You could see a jackal (ally target) and a giant cockroach.

Vanquished Creatures
  A dart slug (D:1)
  2 ball pythons (D:1)
  A hobgoblin (D:1)
  3 jackals (D:1)
  A quokka (D:1)
  3 rats (D:1)
11 creatures vanquished.

Vanquished Creatures (others)
  20 foxfires (D:1)
20 creatures vanquished.

Grand Total: 31 creatures vanquished

Notes
Turn   | Place    | Note
-------+----------+-------------------------------------------
     0 | D:1      | firemarshallily the Naga Fire Elementalist began the quest
                  | for the Orb.
     0 | D:1      | Reached XP level 1. HP: 15/15 MP: 3/3
    61 | D:1      | Reached XP level 2. HP: 22/22 MP: 0/5
   163 | D:1      | Slain by a jackal

Illustrated notes

Levels and vault maps discovered:
D:1:      minmay_arrival_floating_metal, layout_basic

Skill      XL: |  1 |
---------------+----+-----
Dodging        | 2 |  2.0
Stealth        | |  3.3
Spellcasting   | |  2.1
Conjurations   | |  1.0
Fire Magic     | |  3.1

Action                   || total
-------------------------++-------
Melee: Unarmed           ||     3
 Cast: Foxfire           ||    13
 Abil: Spit Poison       ||     7
  Use: Scroll            ||     1
Armor: Robe              ||     4
Dodge: Dodged            ||    21
